Map: Prion Terraces

Players

ReMiNeC - Winner!

  • Race: Terran Terran
  • League: Diamond

ILLBdA

  • Race: Terran Terran
  • League: Diamond

VOD

Have the link to the VOD?

Description

Time

  • Played on: Dec. 16, 2015, 1:48 a.m.
  • Length: 8:52
Show
View Real Time Build Order
Export as new Build Order

ReMiNeC Terran - Winner!

Build Orders: Hellion Banshee, Mech 

Get SALT Encoding   

  12  0:01  SCV  
  13  0:13  SCV  
  14  0:17  Supply Depot  
  14  0:25  SCV  
  15  0:32  Refinery  
  15  0:39  SCV  
  16  0:45  Barracks  
  16  0:51  SCV  
  17  1:01  Refinery  
  17  1:03  SCV  
  18  1:15  SCV  
  19  1:31  Orbital Command  
  19  1:32  Reaper  
  20  1:42  Factory  
  20  1:46  Supply Depot  
  20  1:58  SCV  
  21  2:04  Reaper  
  22  2:13  SCV  
  22  2:25  Hellion  
  22  2:28  SCV  
  25  2:30  Bunker  
  25  2:33  Supply Depot  
  25  2:36  Reaper  
  26  2:40  SCV  
  26  2:52  SCV  
  27  2:58  Starport  
  27  2:59  Hellion  
  27  3:04  SCV  
  31  3:16  SCV  
  32  3:21  Barracks Reactor  
  32  3:22  Hellion  
  33  3:28  SCV  
  34  3:35  Supply Depot  
  34  3:40  Starport Tech Lab  
  34  3:43  SCV, Hellion  
  37  3:56  Command Center  
  37  3:59  Banshee  
  37  4:02  Cloaking Field  
  40  4:04  SCV  
  41  4:16  SCV  
  42  4:27  Hellion x2  
  42  4:28  SCV  
  47  4:37  Supply Depot  
  47  4:40  Armory  
  47  4:51  SCV  
  46  4:53  Factory  
  44  5:02  Supply Depot  
  44  5:03  Hellion x2  
  48  5:10  Factory  
  48  5:11  Orbital Command  
  48  5:38  Banshee, Hellion x2  
  48  5:41  SCV x2  
  57  5:43  Factory Tech Lab  
  57  5:46  Supply Depot  
  57  6:04  Hellion x2  
  57  6:06  SCV x2  
  57  6:08  Factory Tech Lab  
  63  6:14  Supply Depot  
  63  6:18  SCV  
  64  6:24  SCV, Siege Tank  
  68  6:27  Refinery  
  68  6:28  Refinery  
  68  6:30  SCV  
  69  6:37  SCV  
  69  6:39  Supply Depot  
  70  6:42  SCV  
  71  6:49  SCV, Siege Tank  
  71  6:50  Hellion x2  
  71  6:54  Factory x2  
  79  6:57  Terran Vehicle Weapons Level 1  
  79  7:08  Hellion x3  
  79  7:09  SCV, Starport Reactor  
  79  7:11  Supply Depot  
  79  7:13  Barracks Reactor, Supply Depot  
  84  7:22  Hellion  
  84  7:23  Hellion  
  84  7:34  SCV x2  
  86  7:37  Supply Depot  
  86  7:47  Viking x2  
  86  7:50  Engineering Bay  
  90  7:56  Armory, Siege Tank x2  
  96  8:08  Command Center  
  96  8:09  SCV x2  
  98  8:20  Viking x2  
  98  8:21  SCV  
  98  8:22  SCV, Missile Turret  
  98  8:23  Missile Turret  
  98  8:25  Supply Depot  
  104  8:28  Missile Turret  
Show
View Real Time Build Order
Export as new Build Order

ILLBdA Terran 

Build Orders:  

Get SALT Encoding   

  12  0:01  SCV  
  13  0:13  SCV  
  14  0:20  Supply Depot  
  14  0:25  SCV  
  15  0:42  Barracks  
  15  0:43  SCV  
  15  0:44  Refinery  
  16  1:04  Barracks  
  16  1:10  Barracks  
  16  1:15  SCV  
  17  1:29  Orbital Command  
  17  1:33  Reaper  
  18  1:53  Reaper  
  19  2:16  Reaper  
  19  2:20  Refinery  
  19  2:22  Supply Depot  
  20  2:24  Marine  
  21  2:30  Reaper  
  22  2:54  Reaper  
  21  3:06  Reaper  
  21  3:12  Reaper  
  23  3:22  SCV  
  23  3:26  Reaper  
  25  3:28  Command Center  
  25  3:33  Engineering Bay  
  25  3:34  SCV  
  25  3:38  Reaper  
  27  3:44  Reaper  
  27  3:46  SCV  
  29  3:55  Supply Depot  
  29  3:58  Reaper  
  29  3:59  SCV  
  29  4:00  Missile Turret  
  29  4:01  Missile Turret  
  31  4:12  SCV  
  31  4:17  Reaper x2  
  31  4:18  Supply Depot  
  33  4:30  Command Center, Reaper  
  34  4:48  SCV  
  27  5:00  SCV  
  24  5:11  Missile Turret  
  24  5:12  Missile Turret  
  24  5:14  Missile Turret x2  
  24  5:15  Missile Turret  
  24  5:17  Missile Turret x3  
  23  5:24  Missile Turret  
  17  5:30  Missile Turret  
    6:50  Orbital Command  
Tags
 
Matchup
TvT
Race
Terran
Replay Pack
me
Add a new tag
Caveats
  • Supply blocks, unpowered buildings, or Contaminate may cause inaccurate times.
  • Supply counts are checked every 10 seconds.